 Dungeon Crawl Stone Soup version 0.27-a0-1416-g941b2bd30b (webtiles) character file.

Game seed: 17019129788906197298

1306 Wyvernaa the Cutter (level 8, -3/91 HPs)
             Began as a Demonspawn Fighter on July 2, 2021.
             Was a Follower of Makhleb.
             Succumbed to a water moccasin's poison
             ... on level 7 of the Dungeon.
             The game lasted 00:17:34 (7994 turns).

Wyvernaa the Cutter (Demonspawn Fighter)            Turns: 7994, Time: 00:17:35

Health: -3/91      AC: 24    Str: 19    XL:     8   Next: 32%
Magic:  10/10      EV:  2    Int:  9    God:    Makhleb [*.....]
Gold:   223        SH: 10    Dex: 13    Spells: 7/7 levels left

rFire    . . .     SeeInvis .   a - +1 rapier
rCold    . . .     Faith    .   c - +1 kite shield
rNeg     + + +     Spirit   .   (armour currently unavailable)
rPois    +         Reflect  .   (helmet currently unavailable)
rElec    .         Harm     .   (cloak currently unavailable)
rCorr    .         Rampage  .   (gloves currently unavailable)
Will     .....     NoTele   +   (boots currently unavailable)
Stlth    ++........             (no amulet)
HPRegen  0.25/turn              (no ring)
MPRegen  0.12/turn              (no ring)

@: mighty, brilliant, lethally poisoned (-3 -> -22), tree-form, silenced
A: stationary, stasis, torment immunity, boosted hp, (antennae 2), powered by
death 1, (sharp scales 2)
a: Renounce Religion


You were on level 7 of the Dungeon.
You worshipped Makhleb.
Makhleb was aware of your devotion.
You were a tree.
You visited 1 branch of the dungeon, and saw 7 of its levels.

You collected 223 gold pieces.

Inventory:

Hand Weapons
 a - a +1 rapier (weapon)
Armour
 b - a +0 scale mail (melded)
 c - a +1 kite shield (worn)
Wands
 i - a wand of flame (1)
Scrolls
 d - a scroll of fog
 f - a scroll of immolation
 h - a scroll of teleportation {unknown}
 m - 2 scrolls of silence
 o - a scroll of magic mapping {unknown}
 p - a scroll of acquirement {unknown}
Potions
 e - a potion of haste
 g - a potion of attraction
 j - a potion of cancellation


   Skills:
 + Level 4.4 Fighting
 + Level 5.1 Short Blades
 + Level 4.9 Armour
 + Level 1.5 Dodging
 * Level 4.1 Stealth
 + Level 4.1 Shields
 * Level 2.7 Invocations
 + Level 0.4 Evocations


You had 7 spell levels left.
You didn't know any spells.
Your spell library contained the following spells:

 Spells                   Type           Power      Damage    Failure   Level
 Apportation              Tloc           0%         N/A       86%         1
 Magic Dart               Conj           0%         1d3       86%         1
 Searing Ray              Conj           0%         3d3       94%         2
 Slow                     Hex            0%         N/A       94%         2
 Vampiric Draining        Necr           0%         2d6       99%         3
 Fulminant Prism          Conj/Hex       0%         3d6       100%        4
 Petrify                  Tmut/Erth      0%         N/A       100%        4
 Alistair's Intoxication  Tmut/Pois      0%         N/A       100%        5
 Invisibility             Hex            0%         N/A       100%        6


Dungeon Overview and Level Annotations

Branches:
Dungeon (7/15)
 Temple: D:4-7

Altars:
Cheibriados
Elyvilon
Gozag
Makhleb
Nemelex Xobeh
Uskayaw
Yredelemnul
The Shining One

Shops:
D:3 [

Annotations:
D:2 Sigmund


Innate Abilities, Weirdness & Mutations

You are a tree.
Your roots penetrate the ground, keeping you stationary.
You cannot be teleported.
You are immune to unholy pain and torment.
Your maximum health is greatly increased.
Your equipment is partially melded.
((You have a pair of antennae on your head.))
You regenerate a little health from kills.
((You are mostly covered in razor-sharp scales. (AC +2, Slay +2)))


Message History

You puncture the water moccasin!
The water moccasin is moderately wounded.
You feel very sick. The water moccasin bites you.
You are more poisoned.
The water moccasin poisons you! The water moccasin barely misses you.
You feel very mighty all of a sudden.
You feel very sick. The water moccasin bites you.
You puncture the water moccasin!
The water moccasin is severely wounded.
You feel very sick.
You block the water moccasin's attack. x2
You miss the water moccasin.
The water moccasin is severely wounded.
You feel very sick. You block the water moccasin's attack.
The water moccasin bites you.
You are more poisoned.
The water moccasin poisons you!
You miss the water moccasin.
The water moccasin is severely wounded.
You feel very sick. The water moccasin bites you!
* * * LOW HITPOINT WARNING * * *
You are more poisoned.
The water moccasin poisons you!
It was a potion of brilliance.
You feel clever all of a sudden.
* * * LOW HITPOINT WARNING * * *
You feel extremely sick. You block the water moccasin's attack.
The water moccasin closely misses you.
It was a potion of lignification.
You turn into a tree.
Your +0 scale mail melds into your body.
Your roots penetrate the ground.
* * * LOW HITPOINT WARNING * * *
You feel very sick.
The water moccasin bites you but does no damage.
As you read the scroll labelled FUNIANOCZOF, it crumbles to dust.
A profound silence engulfs you.
It was a scroll of silence.
You die...

##..#####.....#####........
# #...........## ##........
###..........## #.........
.#..........## ##.........
.............# ##..........
#.............###..#####....
..............##..## ....
.##...............# #..
.##.............♣## #. ##
...........##.S# #
#....##...## ##... ##....##
#. #.... .#....## . #...#
.......# ..## .......#. ..
#........ ... #......>.


You could see a water moccasin.

Vanquished Creatures
  2 sky beasts
  A black bear (D:6)
  A necrophage (D:5)
  An ogre (D:5)
  2 centaurs (D:6)
  A scorpion (D:3)
  A wyvern skeleton (D:5)
  3 jellies
  2 bullfrog skeletons
  2 centaur skeletons
  An orc priest (D:4)
  3 iguanas
  Jessica (D:2)
  4 orc wizards
  A hound skeleton (D:5)
  A hound zombie (D:5)
  5 adders
  A worm (D:2)
  8 orcs
  4 endoplasms
  3 giant cockroaches
  8 goblins
  4 hobgoblins
  9 jackals
  3 quokkas
  6 ball pythons
  2 bats
  2 frilled lizards
  5 kobolds
  A rat (D:1)
88 creatures vanquished.

Vanquished Creatures (others)
  An orc wizard (D:4)
1 creature vanquished.

Grand Total: 89 creatures vanquished

Notes
Turn   | Place    | Note
-------+----------+-------------------------------------------
     0 | D:1      | Wyvernaa the Demonspawn Fighter began the quest for the
                  | Orb.
     0 | D:1      | Reached XP level 1. HP: 18/18 MP: 1/1
   339 | D:1      | Gained mutation: You regenerate a little health from kills.
                  | [demonic ancestry]
   339 | D:1      | Reached XP level 2. HP: 22/24 MP: 2/2
   491 | D:1      | Reached skill level 2 in Short Blades
   622 | D:1      | Found a faded altar of an unknown god.
   909 | D:2      | Noticed Sigmund
  1004 | D:2      | Reached XP level 3. HP: 3/29 MP: 3/3
  1004 | D:2      | HP: 1/29 [hobgoblin (2)]
  1388 | D:2      | Noticed Jessica
  1404 | D:2      | Killed Jessica
  1405 | D:2      | Gained mutation: You are partially covered in razor-sharp
                  | scales. (AC +1, Slay +1) [demonic ancestry]
  1405 | D:2      | Reached XP level 4. HP: 26/35 MP: 4/4
  1538 | D:2      | Reached skill level 1 in Stealth
  1776 | D:3      | Found a sparkling altar of Nemelex Xobeh.
  1978 | D:3      | Found Cuziop's Armour Emporium.
  2069 | D:3      | Found a hide-covered altar of Uskayaw.
  2117 | D:3      | Noticed a scorpion
  2127 | D:3      | Killed a scorpion
  2128 | D:3      | Gained mutation: You have a pair of small antennae on your
                  | head. [demonic ancestry]
  2128 | D:3      | Reached XP level 5. HP: 40/41 MP: 5/5
  2325 | D:3      | Found an opulent altar of Gozag.
  2484 | D:3      | Found a burning altar of Makhleb.
  2602 | D:3      | Became a worshipper of Makhleb the Destroyer
  3341 | D:4      | Reached skill level 3 in Short Blades
  3497 | D:4      | Gained mutation: You have a pair of antennae on your head.
                  | [demonic ancestry]
  3497 | D:4      | Reached XP level 6. HP: 19/48 MP: 6/6
  3501 | D:4      | Reached skill level 1 in Dodging
  3888 | D:4      | Found a snail-covered altar of Cheibriados.
  4086 | D:5      | Entered Level 5 of the Dungeon
  4178 | D:5      | Noticed a sky beast
  4251 | D:5      | Reached * piety under Makhleb
  4618 | D:5      | Reached skill level 4 in Short Blades
  4618 | D:5      | Gained mutation: You are mostly covered in razor-sharp
                  | scales. (AC +2, Slay +2) [demonic ancestry]
  4618 | D:5      | Reached XP level 7. HP: 16/53 MP: 7/7
  6059 | D:6      | Reached skill level 1 in Invocations
  6388 | D:6      | Reached XP level 8. HP: 44/60 MP: 9/9
  6884 | D:6      | Reached skill level 5 in Short Blades
  7063 | D:6      | Found a basalt altar of Yredelemnul.
  7993 | D:7      | HP: 2/91 [poisoned by a water moccasin]
  7994 | D:7      | Succumbed to a water moccasin's poison

Illustrated notes

Levels and vault maps discovered:
D:1:      dpeg_arrival_prison, layout_basic,
          shapermc_ecumenical_altar_totnotflames
D:2:      layout_basic, uniq_jessica, uniq_sigmund
D:3:      layout_rooms, lightli_temple_of_fire, grunt_gozag_statues,
          gammafunk_temple_overflow_wave, nemelex_xobeh_ov_fountains_minmay,
          serial_shops, shop
D:4:      layout_basic, cheibriados_altar_1, old_standard_altar, minivault_11,
          kennysheep_crisscross, chequers_mini_garden, feat_on_display
D:5:      layout_layer_cave
D:6:      layout_basic, lemuel_coloured_pillars_altar
D:7:      layout_layer_cave, kiku_gazebo_garden_becter, kennysheep_mini_moat,
          minmay_temple_entry_poolview, uniq_pikel

Skill      XL: |  1  2  3  4  5  6  7  8 |
---------------+-------------------------+-----
Short Blades   | 2 3 4 5 |  5.1
Shields        | 3 4 |  4.1
Armour         | 3 4 |  4.9
Stealth        | 1 2 3 4 |  4.1
Dodging        | 1 |  1.5
Fighting       | 4 |  4.4
Invocations    | 1 2 |  2.7
Evocations     | |  0.4

Action                   |  1- 3 |  4- 6 |  7- 9 || total
-------------------------+-------+-------+-------++-------
Melee: Rapier            |   108 |   161 |   117 ||   386
Evoke: Wand              |       |     1 |     4 ||     5
  Use: Potion            |     2 |     5 |     3 ||    10
       Scroll            |       |     8 |     4 ||    12
Armor: Scale mail        |    69 |    85 |    52 ||   206
       Skin              |       |       |     1 ||     1
Dodge: Dodged            |    25 |    33 |    36 ||    94
Block: Kite shield       |    53 |    88 |    67 ||   208

Table legend: (Time is in decaauts)
 A = Elapsed time spent in this place.
 B = Non-inter-level travel time spent in this place.
 C = Inter-level travel time spent in this place.
 D = Time resting spent in this place.
 E = Time spent auto-exploring this place.
 F = Levels seen in this place.
 G = Mean time per level.
                   A        B        C        D        E       F      G
               +--------+--------+--------+--------+--------+-----+--------+
         Total |   8106 |   8010 |     96 |   2540 |   3841 |   7 | 1158.0 |
       Dungeon |   8106 |   8010 |     96 |   2540 |   3841 |   7 | 1158.0 |
               +--------+--------+--------+--------+--------+-----+--------+

Top non-repeatable levels by time:
     D:5: 1938 daAuts
     D:4: 1518 daAuts
     D:1: 1232 daAuts
     D:6: 1231 daAuts
     D:3: 886 daAuts
     D:7: 736 daAuts
     D:2: 561 daAuts
